 Dungeon Crawl Stone Soup version 0.31-a0-202-g547052bce9 (webtiles) character file.

Game seed: 14657642619001684277

29 qw the Shooter (level 3, -2/20 HPs)
             Began as a Deep Elf Hunter on June 26, 2023.
             Slain by a goblin
             ... wielding a +0 club
              (3 damage)
             ... on level 1 of the Dungeon.
             The game lasted 00:00:17 (440 turns).

qw the Shooter (Deep Elf Hunter)                     Turns: 440, Time: 00:00:18

Health: -2/20      AC:  3    Str: 10    XL:     3   Next: 1%
Magic:  5/5        EV: 12    Int: 13    God:
Gold:   37         SH:  0    Dex: 18    Spells: 2/2 levels left

rFire   . . .        a - +0 shortbow
rCold   . . .        (shield currently unavailable)
rNeg    . . .        c - +0 leather armour
rPois   .            (no helmet)
rElec   .            (no cloak)
rCorr   .            (no gloves)
SInv    .            (no boots)
Will    .....        (no amulet)
Stlth   ++           (no ring)
HPRegen 0.23/turn    (no ring)
MPRegen 0.09/turn

%: no passive effects
@: no status effects
A: no striking features
a: no special abilities


You were on level 1 of the Dungeon.
You visited 1 branch of the dungeon, and saw 1 of its levels.

You collected 37 gold pieces.


   Skills:
 - Level 1.5 Fighting
 + Level 6.6 Ranged Weapons
 - Level 2.4 Dodging
 - Level 1.2 Stealth


You had 2 spell levels left.
You didn't know any spells.
Your spell library was empty.

Inventory:

Hand Weapons
 a - a +0 shortbow (weapon)
Armour
 c - a +0 leather armour (worn)
 f - a +0 ring mail
Scrolls
 b - a scroll of butterflies
Potions
 d - 2 potions of haste {unknown}
 e - a potion of enlightenment {unknown}
 g - a potion of attraction {unknown}
 h - a potion of curing {unknown}
 i - a potion of degeneration {unknown}

Dungeon Overview and Level Annotations

Branches:
Dungeon (1/15)

Altars:


Message History

A jackal comes into view.
You shoot an arrow. The arrow closely misses the goblin.
The jackal barks!
You shoot an arrow. The arrow barely misses the goblin.
You shoot an arrow. The arrow hits the goblin.
The goblin is severely wounded.
The jackal bites you. The jackal closely misses you.
The goblin hits you with a +0 club.
You shoot an arrow. The arrow closely misses the goblin.
The kobold hits you with a +0 club. The goblin closely misses you.
A jackal comes into view.
The jackal closely misses you.
You shoot an arrow. The arrow closely misses the goblin.
The jackal barks!
The jackal closely misses you. The kobold closely misses you.
The goblin closely misses you. The jackal misses you. The jackal bites you.
You shoot an arrow. The arrow closely misses the goblin.
The jackal barely misses you. The kobold closely misses you.
The goblin hits you but does no damage. The jackal misses you.
The jackal bites you.
You shoot an arrow. The arrow closely misses the goblin.
The jackal bites you. The kobold closely misses you.
The goblin barely misses you. The jackal bites you.
The jackal barely misses you.
You shoot an arrow. The arrow closely misses the goblin.
The jackal bites you. The kobold hits you but does no damage.
The goblin hits you but does no damage.
The jackal bites you but does no damage.
The goblin closely misses you. The kobold closely misses you.
You shoot an arrow. The arrow hits the goblin.
The goblin is severely wounded.
The jackal barely misses you. The jackal misses you.
The kobold hits you but does no damage. The goblin hits you with a +0 club.
You shoot an arrow. The arrow closely misses the goblin.
The jackal bites you. The goblin hits you with a +0 club.
The kobold hits you but does no damage.
You shoot an arrow. The arrow closely misses the goblin.
The jackal closely misses you. The jackal bites you.
The kobold barely misses you. The goblin hits you with a +0 club.
You die...

..#
#.##############
#...............
...##.......)...
...# ......... ###
.%.# ....... #.#
...#
.......##########.#
...#
......g#..........#
.....
.....hh@.......##.#
...###
......Khh......##.#
...#
........#......##.#
####
####+##.#......##.#
#.#......##.#
#.#......##.#
#.###....##.#
#.###....##.# ###
...........#


You could see 4 jackals, a goblin and a kobold.

Vanquished Creatures
  3 ball pythons (D:1)
  A bat (D:1)
  2 endoplasms (D:1)
  A giant cockroach (D:1)
  A goblin (D:1)
  7 hobgoblins (D:1)
  3 kobolds (D:1)
  2 quokkas (D:1)
  2 frilled lizards (D:1)
  3 rats (D:1)
25 creatures vanquished.

Notes
Turn   | Place    | Note
-------+----------+-------------------------------------------
     0 | D:1      | qw the Deep Elf Hunter began the quest for the Orb.
     0 | D:1      | Reached XP level 1. HP: 12/12 MP: 3/3
     0 | D:1      | 0 ||| qw: Version: 0.3-a-22-g0ed2b0b
     0 | D:1      | 0 ||| qw: Game counter: 6140
     0 | D:1      | 0 ||| qw: Melee chars always use a shield: true
     0 | D:1      | 0 ||| qw: God list: Okawaru
     0 | D:1      | 0 ||| qw: Allow faded altars: false
     0 | D:1      | 0 ||| qw: Do Orc after clearing Dungeon:15 true
     0 | D:1      | 0 ||| qw: Do second Lair branch before Depths: true
     0 | D:1      | 0 ||| qw: Lair rune preference: random
     0 | D:1      | 0 ||| qw: Goals: Normal
     0 | D:1      | 0 ||| PLANNING D:1-11
    97 | D:1      | Reached XP level 2. HP: 16/16 MP: 4/4
   132 | D:1      | Reached skill level 6 in Ranged Weapons
   374 | D:1      | Reached XP level 3. HP: 15/20 MP: 5/5
   439 | D:1      | HP: 5/20 [jackal (2)]
   440 | D:1      | HP: 1/20 [jackal (2)]
   440 | D:1      | Slain by a goblin

Levels and vault maps discovered:
D:1:      roderic_chinese_lattice_arrival, layout_basic

Skill      XL: |  1  2 |
---------------+-------+-----
Ranged Weapons | 6 |  6.6
Fighting       | |  1.5
Dodging        | |  2.4
Stealth        | |  1.2

Action                     || total
---------------------------++-------
   Fire: Shortbow          ||    81
 Armour: Leather armour    ||    11
  Dodge: Dodged            ||    32

Table legend:
 A = Non-vault XP
 B = Vault XP
 C = Vault XP percentage of total XP
 D = Non-vault monster count
 E = Vault monster count
 F = Vault count percentage of total count
                 A         B        C        D         E       F
            +---------+---------+-------+---------+---------+-------
      Total |      42 |       0 |   0.0 |      25 |       0 |   0.0
            +---------+---------+-------+---------+---------+-------
        D:1 |      42 |       0 |   0.0 |      25 |       0 |   0.0
            +---------+---------+-------+---------+---------+-------
